 Dungeon Crawl Stone Soup version 0.17-a0-974-ga95afb0 (webtiles) character file.

11 MackTheKnife the Sneak (level 2, -3/19 HPs)
             Began as a Halfling Wanderer on May 10, 2015.
             Slain by a gnoll (7 damage)
             ... on level 1 of the Dungeon.
             The game lasted 00:01:13 (599 turns).

MackTheKnife the Sneak (Halfling Wanderer)           Turns: 599, Time: 00:01:13

Health: -3/19      AC:  2    Str: 10    XL:     2   Next: 35%
Magic:  3/3        EV: 13    Int: 10    God:
Gold:   66         SH:  0    Dex: 16    Spells: 0 memorised, 3 levels left

rFire  . . .     SeeInvis .     c - +0 short sword
rCold  . . .     Clarity  .     e - +0 robe
rNeg   . . .     SustAb   .     (shield restricted)
rPois  .         Gourm    .     (no helmet)
rElec  .         Spirit   .     (no cloak)
rCorr  .         Warding  .     (no gloves)
rMut   .         Rnd*Tele +     (no boots)
MR     .....                    (no amulet)
Stlth  +++.......               (no ring)
                                l - ring of teleportation (curse) {+/*tele, !d}

@: not resistant to hostile enchantments, fairly stealthy
A: mutation resistance 1
a: Evoke Teleportation


You were on level 1 of the Dungeon.
You were not hungry.

You visited 1 branch of the dungeon, and saw 2 of its levels.

You collected 66 gold pieces.

Inventory:

Hand weapons
 a - a +2 dagger
 c - a +0 short sword (weapon)
Armour
 e - a +0 robe (worn)
Jewellery
 l - a cursed ring of teleportation (left hand) {+/*tele, !d}
   (You found it on level 1 of the Dungeon)
Scrolls
 b - a scroll of blinking {!r}
Potions
 h - a potion of poison {unknown}
 k - a potion of might {unknown}
Comestibles
 f - 2 bread rations {@e1}


   Skills:
 - Level 1.7 Fighting
 + Level 2.2 Short Blades
 + Level 3.7 Stealth
   Level 1.1 Shields
 - Level 1.0 Spellcasting
   Level 2.1 Translocations


You had 3 spell levels left.
You didn't know any spells.

Dungeon Overview and Level Annotations

Branches:
Dungeon (2/15)

Altars:
Gozag


Innate Abilities, Weirdness & Mutations

You are small and have problems with some larger weapons.
You are somewhat resistant to further mutation.


Message History

You take 2 damage, and have 16/19 hp.
You closely miss the goblin. The goblin misses you.
You miss the goblin. The goblin closely misses you.
You hit the goblin but do no damage. The goblin barely misses you.
You hit the goblin.
You kill the goblin!
No target in view!
l - a diamond ring Put on which piece of jewellery? (? for menu, Esc to quit)
You feel slightly jumpy.
Oops, that ring feels deathly cold.
l - a cursed ring of teleportation (left hand)
Found a stone staircase leading down.
A goblin comes into view.
Health restored: 19 Read which item? (? for menu, Esc to quit)
As you read the scroll labeled TAGOOP XUCAOPU, it crumbles to dust.
You feel strangely unstable.
It was a scroll of teleportation.
Read which item? (? for menu, Esc to quit)
As you read the scroll labeled TUTOSM BIVEG PAW, it crumbles to dust.
The scroll dissolves into smoke.
It was a scroll of fog.
Read which item? (? for menu, Esc to quit)
As you read the scroll labeled PUNIEPP ZYDGHU, it crumbles to dust.
You hear a crunching sound.
It was a scroll of random uselessness.
No target in view!
No target in view!
Unknown command.
Your surroundings suddenly seem different.
No target in view!
A gnoll comes into view.
A gnoll is nearby!
A gnoll is nearby!
A gnoll is nearby!
A jackal comes into view.
The jackal barks!
A jackal comes into view.
The jackal closely misses you. The gnoll barely misses you.
You barely miss the gnoll. The jackal bites you. The gnoll hits you.
You take 3 damage, and have 16/19 hp.
You hit the gnoll. The jackal barely misses you. The gnoll barely misses you.
The jackal barely misses you. x2
You see here an amethyst potion.
You hit the jackal. The jackal barely misses you. The jackal misses you.
The jackal bites you but does no damage.
You hit the jackal but do no damage. The jackal bites you.
The jackal closely misses you.
You take 1 damage, and have 15/19 hp.
You barely miss the jackal. The jackal barely misses you.
The jackal closely misses you. The jackal barely misses you.
You hit the jackal. The jackal bites you. The jackal closely misses you.
The jackal closely misses you.
You take 2 damage, and have 13/19 hp.
You barely miss the jackal. The jackal barely misses you. The jackal bites you.
You take 2 damage, and have 11/19 hp.
You are too injured to fight recklessly!
You are too injured to fight recklessly!
You are too injured to fight recklessly!
You are too injured to fight recklessly!
You hit the jackal but do no damage. The jackal bites you.
The jackal closely misses you. The jackal barely misses you.
The jackal barely misses you.
You take 1 damage, and have 10/19 hp.
You hit the jackal.
You kill the jackal!
The jackal misses you.
The jackal bites you but does no damage.
You barely miss the jackal. The jackal bites you.
You take 3 damage, and have 8/19 hp.
You closely miss the jackal.
The jackal bites you but does no damage.
The jackal completely misses you.
You hit the jackal but do no damage. The jackal closely misses you.
You closely miss the jackal. The jackal bites you.
You take 2 damage, and have 6/19 hp.
You barely miss the jackal. The jackal closely misses you.
The jackal closely misses you.
You hit the jackal but do no damage. The jackal misses you.
You closely miss the jackal. The jackal barely misses you.
The jackal misses you.
You hit the jackal but do no damage. The jackal bites you.
* * * LOW HITPOINT WARNING * * *
You take 2 damage, and have 4/19 hp.
Drink which item? (? for menu, Esc to quit)
You feel better. The jackal bites you.
You regained 4 hp, and now have 8/19 hp.
You hit the jackal. The jackal barely misses you. The jackal misses you.
You hit the jackal. The jackal bites you.
* * * LOW HITPOINT WARNING * * *
You take 3 damage, and have 5/19 hp.
You hit the jackal.
You kill the jackal!
You hit the gnoll. The gnoll misses you.
You barely miss the gnoll. The gnoll hits you.
* * * LOW HITPOINT WARNING * * *
You take 1 damage, and have 4/19 hp.
You hit the gnoll. The gnoll hits you.
* * * LOW HITPOINT WARNING * * *
You closely miss the gnoll. The gnoll hits you!
You die...

#.#
#..#....!....########.
#.## #......#####.# #.
...# #......# # #.
...# #......# .....
...# #......# .....
...# #......# .....
...# ##.....### .....
...# #.#+#g..### ....
...#
#...@.#...#+########.
...#
#.............#....+.
..##
#....................
#.####
#....................
#....#
#............########
#....#
#.............†......
#....#
#.........)...######.
#....#
#.......###+.........
#....# #.####..#
#....####..


You could see a gnoll.

Vanquished Creatures
  A hobgoblin (D:1)
  2 jackals (D:1)
  2 bats (D:1)
  3 giant newts
  3 goblins
  A kobold (D:2)
12 creatures vanquished.

Notes
Turn   | Place    | Note
--------------------------------------------------------------
     0 | D:1      | MackTheKnife, the Halfling Wanderer, began the quest for the Orb.
     0 | D:1      | MackTheKnife set off with: a +2 dagger, a scroll of blinking {!r}, a +0 short sword, a potion of curing, a +0 robe, a bread ration {@e1}
     0 | D:1      | Reached XP level 1. HP: 14/14 MP: 2/2
    18 | D:1      | You fall through a shaft!
    53 | D:2      | Found an opulent altar of Gozag.
   446 | D:1      | Reached skill level 2 in Short Blades
   467 | D:1      | Reached XP level 2. HP: 17/19 MP: 3/3
   591 | D:1      | HP: 4/19 [jackal (2)]
   597 | D:1      | HP: 4/19 [gnoll (1)]
   599 | D:1      | Slain by a gnoll

Vault maps used:
D:1:      dpeg_arrival_round_b, minmay_misc_feat_more_columns,
          serial_park_tiny_2
D:2:      okawaru_ov_weapons_minmay, grunt_gozag_breadcrumbs,
          minmay_misc_feat_doors, uniq_crazy_yiuf_cottage

Action                   || total
-------------------------++-------
Melee: Short sword       ||    47
  Use: Scroll            ||     3
       Potion            ||     1
 Stab: Sleeping          ||     3

Vault maps used:
D:1:      dpeg_arrival_round_b, minmay_misc_feat_more_columns,
          serial_park_tiny_2
D:2:      okawaru_ov_weapons_minmay, grunt_gozag_breadcrumbs,
          minmay_misc_feat_doors, uniq_crazy_yiuf_cottage

Table legend:
 A = Turns spent in this place as a percentage of turns spent in the entire game.
 B = Non-inter-level travel turns spent in this place as a percentage of non-inter-level travel turns spent in the entire game.
 C = Inter-level travel turns spent in this place as a percentage of turns spent in this place.
 D = Turns resting spent in this place as a percentage of non-inter-level travel turns spent in this place.
 E = Turns spent auto-exploring this place as a percentage of non-inter-level travel turns spent in this place.
 F = Non-inter-level travel turns spent in this place divided by the number of levels of this place that you've seen.
                   A       B       C       D       E      F
               +-------+-------+-------+-------+-------+----------------------
         Total | 100.0 | 100.0 |   0.0 |   1.9 |   8.8 | 108.0
       Dungeon | 100.0 | 100.0 |   0.0 |   1.9 |   8.8 | 108.0
               +-------+-------+-------+-------+-------+----------------------

Table legend:
 A = Kills in this place as a percentage of kills in entire the game.
 B = Kills by you in this place as a percentage of kills by you in the entire game.
 C = Kills by friends in this place as a percentage of kills by friends in the entire game.
 D = Other kills in this place as a percentage of other kills in the entire game.
 E = Experience gained in this place as a percentage of experience gained in the entire game.
 F = Experience gained in this place divided by the number of levels of this place that you have seen.
                   A       B       C       D       E      F
               +-------+-------+-------+-------+-------+----------------------
         Total | 100.0 | 100.0 |  -nan |  -nan | 100.0 |   8.0
       Dungeon | 100.0 | 100.0 |  -nan |  -nan | 100.0 |   8.0
               +-------+-------+-------+-------+-------+----------------------
